 Dungeon Crawl Stone Soup version 0.18.1-48-g4cf74bf (webtiles) character file.

25 boogeech the Insei (level 2, -9/21 HPs)
             Began as a Demonspawn Transmuter on June 28, 2016.
             Mangled by a gnoll
             ... wielding a +0 flail
              (10 damage)
             ... on level 1 of the Dungeon.
             The game lasted 00:01:51 (1269 turns).

boogeech the Insei (Demonspawn Transmuter)          Turns: 1269, Time: 00:01:52

Health: -9/21      AC:  2    Str:  7 (10) XL:     2   Next: 82%
Magic:  4/5        EV: 12    Int: 13 (14) God:
Gold:   48         SH:  0    Dex: 10 (13) Spells: 1 memorised, 5 levels left

rFire  . . .     SeeInvis .       - Unarmed
rCold  . . .     Gourm    .     b - +0 robe
rNeg   . . .     Faith    .     (no shield)
rPois  .         Spirit   .     (no helmet)
rElec  .         Dismiss  .     (no cloak)
rCorr  .         Reflect  .     (no gloves)
SustAt .         Harm     .     (boots currently unavailable)
MR     .....                    (no amulet)
Stlth  ++........               (no ring)
                                (no ring)

@: appendage, not resistant to hostile enchantments, unstealthy
A: talons 3, nightstalker 1
a: End Transformation


You were on level 1 of the Dungeon.
You were not hungry.
You had grown temporary talons.
You visited 1 branch of the dungeon, and saw 2 of its levels.

You collected 48 gold pieces.

Inventory:

Missiles
 a - 31 arrows
 j - 31 stones (quivered)
Armour
 b - a +0 robe (worn)
Scrolls
 e - a scroll of fear {unknown}
 f - 2 scrolls of identify {unknown}
 g - a scroll of remove curse {unknown}
 h - 2 scrolls of recharging {unknown}
Books
 c - a book of Changes

   Spells                             Type                      Level
   a - Beastly Appendage              Transmutation                1
   b - Sticks to Snakes               Transmutation                2
   c - Spider Form                    Transmutation/Poison         3
   d - Ice Form                       Ice/Transmutation            4
   e - Blade Hands                    Transmutation                5
Comestibles
 d - a bread ration
 k - a meat ration
 l - 3 chunks of flesh


   Skills:
 + Level 1.1 Fighting
 + Level 1.7 Dodging
 + Level 2.8 Unarmed Combat
 * Level 2.5 Spellcasting
 * Level 2.4 Transmutations


You had 5 spell levels left.
You knew the following spells:

 Your Spells              Type           Power        Failure   Level  Hunger
a - Beastly Appendage     Trmt           #.....       10%         1    #......


Dungeon Overview and Level Annotations

Branches:
Dungeon (2/15)

Altars:


Innate Abilities, Weirdness & Mutations

You are slightly more attuned to the shadows.
You have claws for feet.


Message History

You are too injured to fight recklessly!
You are too injured to fight recklessly!
You are too injured to fight recklessly!
You are too injured to fight recklessly!
Unknown command.
You climb upwards.
There is a stone staircase leading down here.
Drink which item? (? for menu, Esc to quit)
It was a potion of degeneration.
There was something very wrong with that liquid.
You feel weakened.
You feel dopey.
You feel clumsy. The dart slug bites you.
* * * LOW HITPOINT WARNING * * *
The gnoll hits you with a flail.
* * * LOW HITPOINT WARNING * * *
Casting: Beastly Appendage
Confirm with . or Enter, or press ? or * to list all spells.
Your feet morph into talons.
The dart slug barely misses you.
You hit the gnoll but do no damage. The gnoll hits you with a flail!
You die...

####......#.#####.###.###..#.###.
##................# #..##..#.# #.
##.######.##'###+####....#.#.# #.
##.# #.#...#...#......#...###.
##.######.#...#.>.#.#............
##........#...#...#.##.#.#...####
####.#.#..#.<.#.>.#..#.......#
.....#....#...#g..#..###.###.# ##
####.#....#...#.@.#......# #.# #.
####......#...#..w#....### #.# ##
#.##......##+###'##.#### #.#
#.##.#..............# #^##
#.##.###....##..##..#### #..#
#.##.###...............# ##.#
#.........#..#......##.# #.##
#....####.#...[.....##.# #..##
####.# #.##....######.# ##.##


You could see a gnoll and a dart slug.

Vanquished Creatures
  A dart slug (D:1)
  A giant gecko (D:1)
  4 hobgoblins
  3 jackals (D:1)
  3 kobolds (D:1)
  A ball python (D:1)
  3 bats (D:1)
  3 giant newts (D:1)
  3 rats (D:1)
22 creatures vanquished.

Notes
Turn   | Place    | Note
--------------------------------------------------------------
     0 | D:1      | boogeech the Demonspawn Transmuter began the quest for the Orb.
     0 | D:1      | Reached XP level 1. HP: 15/15 MP: 3/3
   397 | D:1      | Gained mutation: You are slightly more attuned to the shadows. [demonic ancestry]
   397 | D:1      | Reached XP level 2. HP: 17/21 MP: 5/5
  1267 | D:1      | HP: 1/21 [gnoll/flail (2)]
  1269 | D:1      | Mangled by a gnoll

Skill      XL: |  1 |
---------------+----+-----
Transmutations | 2 |  2.4
Fighting       | |  1.1
Dodging        | |  1.7
Unarmed Combat | |  2.8
Spellcasting   | |  2.5

Action                   || total
-------------------------++-------
Melee: Unarmed           ||    75
       Headbutt          ||     2
       Kick              ||     1
 Cast: Beastly Appendage ||     4
  Use: Potion            ||     1
 Stab: Sleeping          ||     4
  Eat: Chunk             ||     1
Armor: Robe              ||    22
Dodge: Dodged            ||    37
